 Dungeon Crawl Stone Soup version 0.28-a0-511-gcc94558de3 (webtiles) character file.

Game seed: 12656970060548874220

118 omnomnOMINOUS the Vexing (level 5, -1/49 HPs)
             Began as an Octopode Wanderer on Sept 21, 2021.
             Was a Believer of Jiyva.
             Slain by Menkaure (8 damage)
             ... on level 6 of the Dungeon.
             The game lasted 00:07:34 (3400 turns).

omnomnOMINOUS the Vexing (Octopode Wanderer)        Turns: 3400, Time: 00:07:34

Health: -1/49      AC: 22    Str: 11    XL:     5   Next: 2%
Magic:  7/8        EV:  2    Int: 16    God:    Jiyva [**....]
Gold:   95         SH:  0    Dex: 11    Spells: 4/8 levels left

rFire   + . .      SeeInvis .   a - +0 dagger
rCold   + . .      Faith    .   (no shield)
rNeg    + + +      Spirit   .   (helmet currently unavailable)
rPois   +          Reflect  .   d - amulet of magic regeneration
rElec   +          Harm     .   (no ring)
rCorr   +          Rampage  .   (no ring)
Will    .....      NoTele   +   (no ring)
Stlth   ++........              (no ring)
HPRegen 0.16/turn               (no ring)
MPRegen 0.36/turn               (no ring)
                                (no ring)
                                (no ring)

@: tree-form, resistant
A: stationary, stasis, torment immunity, boosted hp, almost no armour,
(amphibious), 8 rings, (camouflage 1), (gelatinous body 1), (nimble swimmer 1),
(tentacles)
a: Renounce Religion, Request Jelly


You were on level 6 of the Dungeon.
You worshipped Jiyva.
Jiyva was pleased with you.
You were a tree.
You visited 1 branch of the dungeon, and saw 4 of its levels.

You collected 95 gold pieces.

Inventory:

Hand Weapons
 a - a +0 dagger (weapon)
Armour
 e - a +0 kite shield
Jewellery
 d - an amulet of magic regeneration (around neck)
Scrolls
 c - a scroll of identify


   Skills:
 + Level 1.3 Fighting
 + Level 1.4 Dodging
 - Level 2.6 Stealth
 - Level 2.0 Spellcasting
 * Level 2.3 Conjurations
 - Level 5.0 Hexes
 * Level 2.6 Fire Magic
 + Level 1.1 Poison Magic


You had 4 spell levels left.
You knew the following spells:

 Your Spells              Type           Power      Damage    Failure   Level
a - Foxfire               Conj/Fire      36%        2x1d5     8%          1
b - Mephitic Cloud        Conj/Pois/Air  5%         N/A       36%         3

Your spell library contained the following spells:

 Spells                   Type           Power      Damage    Failure   Level
 Slow                     Hex            17%        N/A       4%          2
 Magic Dart               Conj           36%        1d4       9%          1
 Freeze                   Ice            4%         1d3       21%         1
 Conjure Flame            Conj/Fire      9%         6-21      22%         3
 Blink                    Tloc           N/A        N/A       30%         2
 Call Imp                 Summ           1%         N/A       30%         2
 Ignite Poison            Fire/Tmut/Pois 5%         N/A       36%         3
 Frozen Ramparts          Ice            2%         1d2       52%         3
 Lesser Beckoning         Tloc           1%         N/A       52%         3
 Hailstorm                Conj/Ice       5%         3d4       78%         4
 Manifold Assault         Tloc           1%         N/A       99%         5


Dungeon Overview and Level Annotations

Branches:
Dungeon (3/15)

Altars:
Jiyva

Annotations:
D:6 Menkaure


Innate Abilities, Weirdness & Mutations

You are a tree.
Your roots penetrate the ground, keeping you stationary.
You cannot be teleported.
You are immune to unholy pain and torment.
Your maximum health is greatly increased.
You cannot wear most types of armour.
((You are amphibious.))
You can wear up to eight rings at the same time.
((Your skin changes colour to match your surroundings (Stealth+).))
((Your rubbery body absorbs attacks. (AC +1, EV +1)))
((You are camouflaged near water. (Stealth+)))
((You have tentacles for arms and can constrict up to eight enemies at once.))


Message History

* * * LOW HITPOINT WARNING * * *
It was a potion of resistance.
You feel protected.
You feel better. Menkaure misses you.
Really quaff the potion of lignification?
You turn into a tree.
Your roots penetrate the ground.
Unknown command.
You closely miss Menkaure.
Menkaure is moderately damaged.
Menkaure hits you but does no damage.
You hit Menkaure.
Menkaure is moderately damaged.
Menkaure gestures wildly while chanting.
Menkaure seems to speed up.
You hit Menkaure but do no damage.
Menkaure is moderately damaged.
Menkaure hits you.
You hit Menkaure.
Menkaure is moderately damaged.
Menkaure hits you but does no damage.
You barely miss Menkaure.
Menkaure is moderately damaged.
Menkaure hits you!
* * * LOW HITPOINT WARNING * * *
Menkaure hits you but does no damage.
You hit Menkaure but do no damage.
Menkaure is moderately damaged.
Menkaure hits you but does no damage.
You hit Menkaure but do no damage.
Menkaure is moderately damaged.
Menkaure hits you.
* * * LOW HITPOINT WARNING * * *
You feel better. Menkaure hits you but does no damage.
You aren't carrying any items that you can evoke.
Unknown command.
Unknown command.
Casting: Foxfire (safe; 8% risk of failure)
Confirm with . or Enter, or press ? or * to list all spells.
You conjure some foxfire!
Menkaure hits you!
You die...

........#
.......#
......#
#.....#
#.....#
#..(..#
###vM...#
#.'.♣...#
#.#..v..#
#.#.....#
#########


You could see Menkaure (fast, ally target).

Vanquished Creatures
  An orc priest (D:3)
  An adder (D:3)
  A worm (D:2)
  2 dart slugs
  2 orcs (D:3)
  2 endoplasms
  3 giant cockroaches
  8 goblins
  4 hobgoblins
  6 jackals
  6 kobolds
  3 quokkas
  11 ball pythons
  6 bats
  6 frilled lizards (D:2)
  4 rats
66 creatures vanquished.

Vanquished Creatures (others)
  3 jellies (D:2)
  An adder (D:3)
  An endoplasm (D:3)
  2 orcs (D:3)
  A hobgoblin (D:3)
  6 kobolds
  2 quokkas (D:3)
  A ball python (D:3)
  A bat (D:3)
  A frilled lizard (D:3)
  2 rats
  53 foxfires
  26 plants (D:2)
100 creatures vanquished.

Grand Total: 166 creatures vanquished

Notes
Turn   | Place    | Note
-------+----------+-------------------------------------------
     0 | D:1      | omnomnOMINOUS the Octopode Wanderer began the quest for the
                  | Orb.
     0 | D:1      | omnomnOMINOUS set off with the following items: a +0
                  | dagger, a potion of lignification; and the following spells
                  | available to memorise: Slow, Foxfire, Magic Dart, Blink,
                  | Call Imp, Conjure Flame, Ignite Poison, Mephitic Cloud
     0 | D:1      | Reached XP level 1. HP: 11/11 MP: 3/3
     2 | D:1      | Learned a level 1 spell: Foxfire
   362 | D:1      | Reached XP level 2. HP: 12/18 MP: 3/5
   686 | D:1      | Reached skill level 1 in Conjurations
  1081 | D:1      | Reached XP level 3. HP: 21/22 MP: 6/6
  1514 | D:1      | Reached skill level 1 in Dodging
  1786 | D:2      | Reached skill level 1 in Fighting
  2087 | D:2      | Reached XP level 4. HP: 28/28 MP: 7/7
  2092 | D:2      | Learned a level 3 spell: Mephitic Cloud
  2171 | D:2      | Found a faded altar of an unknown god.
  2175 | D:2      | Became a worshipper of Jiyva Jaed the Shapeless
  2175 | D:2      | Reached * piety under Jiyva
  3112 | D:3      | Reached skill level 1 in Poison Magic
  3130 | D:3      | Reached ** piety under Jiyva
  3172 | D:3      | Reached XP level 5. HP: 30/33 MP: 8/8
  3375 | D:3      | You fall into a shaft and drop 3 floors!
  3375 | D:6      | Noticed Menkaure
  3398 | D:6      | HP: 1/49 [Menkaure (3)]
  3400 | D:6      | Slain by Menkaure

Illustrated notes

Levels and vault maps discovered:
D:1:      onia_arrival_pyramid, layout_basic, hangedman_decor_opposing,
          hangedman_decor_clover_reticule
D:2:      layout_loops_ring, basic_ecumenical_altar, solitary_fountain,
          lexackson_kobold_supper
D:3:      layout_basic
D:6:      layout_gridville, fedhas_ov_isle_minmay,
          nicolae_wu_jian_immortal_techniques, nicolae_ru_path_of_blood,
          serial_park_tiny_2, uniq_pikel, uniq_menkaure, uniq_blork_the_orc

Skill      XL: |  1  2  3  4 |
---------------+-------------+-----
Conjurations   | 1 2 |  2.3
Dodging        | 1 |  1.4
Fire Magic     | 2 |  2.6
Fighting       | 1 |  1.3
Poison Magic   | 1 |  1.1
Stealth        | |  2.6
Spellcasting   | |  2.0
Hexes          | |  5.0

Action                   |  1- 3 |  4- 6 || total
-------------------------+-------+-------++-------
Melee: Dagger            |    79 |    44 ||   123
       Constrict         |    15 |    12 ||    27
       Tentacles         |     8 |     5 ||    13
 Cast: Foxfire           |    27 |     9 ||    36
  Use: Potion            |       |     4 ||     4
       Scroll            |       |     1 ||     1
 Stab: Sleeping          |     5 |     3 ||     8
       Distracted        |       |     1 ||     1
Armor: Skin              |     6 |     8 ||    14
Dodge: Dodged            |    65 |    21 ||    86

Table legend: (Time is in decaauts)
 A = Elapsed time spent in this place.
 B = Non-inter-level travel time spent in this place.
 C = Inter-level travel time spent in this place.
 D = Time resting spent in this place.
 E = Time spent auto-exploring this place.
 F = Levels seen in this place.
 G = Mean time per level.
                   A        B        C        D        E       F      G
               +--------+--------+--------+--------+--------+-----+--------+
         Total |   3399 |   3342 |     57 |    996 |   1866 |   4 |  849.8 |
       Dungeon |   3399 |   3342 |     57 |    996 |   1866 |   4 |  849.8 |
               +--------+--------+--------+--------+--------+-----+--------+

Top non-repeatable levels by time:
     D:1: 1766 daAuts
     D:2: 1131 daAuts
     D:3: 476 daAuts
     D:6: 24 daAuts
